 Dungeon Crawl Stone Soup version 0.21.1-1-g345015f (webtiles) character file.

649 fjord the Cleaver (level 7, -1/60 HPs)
             Began as a Hill Orc Fighter on June 21, 2018.
             Was an Initiate of Beogh.
             Slain by a slave (5 damage)
             ... led by Pikel
             ... on level 5 of the Dungeon.
             The game lasted 00:26:48 (5937 turns).

fjord the Cleaver (Hill Orc Fighter)                Turns: 5937, Time: 00:26:50

Health: -1/60      AC: 11    Str: 24    XL:     7   Next: 53%
Magic:  0/7        EV:  6    Int: 10    God:    Beogh [......]
Gold:   280        SH: 10    Dex: 10    Spells: 6/6 levels left

rFire    . . .     SeeInvis .   a - +0 war axe
rCold    . . .     Gourm    .   c - +0 shield
rNeg     . . .     Faith    .   t - +0 chain mail
rPois    .         Spirit   +   (no helmet)
rElec    .         Reflect  .   (no cloak)
rCorr    .         Harm     .   (no gloves)
MR       .....                  q - +1 pair of boots
Stlth    ..........             n - amulet of guardian spirit
HPRegen  0.20/turn              (no ring)
MPRegen  0.10/turn              (no ring)

@: mighty
A: no striking features
a: Renounce Religion


You were on level 5 of the Dungeon.
You worshipped Beogh.
Beogh was noncommittal.
You were not hungry.

You visited 1 branch of the dungeon, and saw 6 of its levels.

You collected 280 gold pieces.

Inventory:

Hand Weapons
 a - a +0 war axe (weapon)
Missiles
 k - 117 stones (quivered)
 x - a throwing net
Armour
 b - a +0 scale mail
 c - a +0 shield (worn)
 q - a +1 pair of boots (worn)
 t - a +0 chain mail (worn)
Jewellery
 h - an uncursed amulet of harm
 n - an amulet of guardian spirit (around neck)
Scrolls
 i - 8 scrolls of identify
 j - a scroll of fog
 m - a scroll of amnesia
 p - a scroll of remove curse {unknown}
 v - a scroll of blinking {unknown}
 w - a scroll of magic mapping {unknown}
 A - 2 scrolls of noise {unknown}
Potions
 d - a potion of might
 e - 6 potions of curing
 g - 2 potions of ambrosia
 l - 4 potions of agility
 o - a potion of invisibility {unknown}
 s - a potion of lignification
 z - a potion of degeneration {unknown}
 B - a potion of brilliance {unknown}
Books
 y - a book of Frost

   Spells                             Type                      Level
   a - Freeze                         Ice                          1
   b - Throw Frost                    Conjuration/Ice              2
   c - Ozocubu's Armour               Charms/Ice                   3
   d - Throw Icicle                   Conjuration/Ice              4
   e - Summon Ice Beast               Ice/Summoning                4
Comestibles
 f - 6 rations


   Skills:
 + Level 4.6 Fighting
 * Level 8.5 Axes
 + Level 4.5 Armour
 - Level 0.4 Dodging
 + Level 0.3 Stealth
 + Level 4.5 Shields


You had 6 spell levels left.
You didn't know any spells.

Dungeon Overview and Level Annotations

Branches:
Dungeon (6/15)             Temple (0/1) D:5

Altars:

Shops:
D:4 ?

Annotations:
D:6 Pikel


Message History

You closely miss the slave. The slave hits you.
* * * LOW HITPOINT WARNING * * *
You block the slave's attack.
The orc priest miscasts a cantrip.
You closely miss the slave.
The slave is heavily wounded.
You miss the slave. The slave barely misses you. x2
You barely miss the slave.
The slave is heavily wounded.
You closely miss the slave. You block the slave's attack.
The slave hits you but does no damage. You block the slave's attack.
The slave hits you but does no damage.
You slash the slave!
The slave is almost dead.
You barely miss the slave.
The orc priest mumbles some strange prayers to Beogh against you.
Beogh smites you!
* * * LOW HITPOINT WARNING * * *
The slave hits you but does no damage. The slave hits you.
You die...

..........#.....##...##...#.....#
..........#....##.....##..#######
..........#....#..>.>..#.........
...............#.......#.........
##########.#####.o.>...#.........
#.....##.....####)......
#......##...##..'.......
#......p#o''#...#.......
##########......@poo.#...#.......
................######...#.......
................#...'....#.......
................'...#....#.......
................###'###..#.......
......................#..#....#'#
......................#..#....#..
.######'##............#..'....#..
.#.......'............#..#....#..


You could see an orc warrior, 2 slaves, an orc priest and an orc.

Vanquished Creatures
  Grinder (D:5)
  An ice beast (D:5)
  2 scorpions (D:5)
  An orc wizard (D:5)
  An iguana (D:4)
  3 worker ants
  5 adders
  3 adder skeletons
  4 worms
  A dart slug (D:1)
  5 leopard geckos
  5 orcs
  2 ball pythons
  2 bats
  5 giant cockroaches
  6 hobgoblins
  7 jackals
  A quokka (D:2)
  6 frilled lizards
  5 goblins
  A jackal zombie (D:5)
  8 kobolds
  8 rats
  A rat zombie (D:5)
84 creatures vanquished.

Vanquished Creatures (others)
  A goblin (D:3)
1 creature vanquished.

Grand Total: 85 creatures vanquished

Notes
Turn   | Place    | Note
-------+----------+-------------------------------------------
     0 | D:1      | fjord the Hill Orc Fighter began the quest for the Orb.
     0 | D:1      | Reached XP level 1. HP: 19/19 MP: 1/1
    37 | D:1      | Reached XP level 2. HP: 22/27 MP: 2/2
   140 | D:1      | Reached skill level 3 in Axes
   412 | D:1      | Reached XP level 3. HP: 31/33 MP: 3/3
  1409 | D:2      | Reached skill level 4 in Axes
  1690 | D:2      | Reached XP level 4. HP: 40/40 MP: 4/4
  3022 | D:3      | Became a worshipper of Beogh the Brigand
  3466 | D:4      | Reached skill level 5 in Axes
  3466 | D:4      | Reached XP level 5. HP: 42/46 MP: 3/5
  3882 | D:4      | Found Ifaecewa's Magic Scroll Shoppe.
  4041 | D:5      | Entered Level 5 of the Dungeon
  4664 | D:5      | Reached skill level 6 in Axes
  4759 | D:5      | Reached XP level 6. HP: 41/53 MP: 6/6
  4887 | D:5      | Found a staircase to the Ecumenical Temple.
  5236 | D:5      | Noticed an ice beast
  5260 | D:5      | Killed an ice beast
  5260 | D:5      | Reached skill level 7 in Axes
  5477 | D:6      | Noticed a phantom
  5483 | D:6      | Noticed a two-headed ogre
  5491 | D:5      | Reached XP level 7. HP: 51/60 MP: 5/7
  5655 | D:5      | Noticed Grinder
  5663 | D:5      | Paralysed by Grinder for 2 turns
  5677 | D:5      | Paralysed by Grinder for 4 turns
  5683 | D:5      | Killed Grinder
  5683 | D:5      | Reached skill level 8 in Axes
  5907 | D:6      | Noticed Pikel
  5937 | D:5      | Slain by a slave

Skill      XL: |  1  2  3  4  5  6  7 |
---------------+----------------------+-----
Axes           | 3 4 5 6 7 8 |  8.5
Fighting       | 4 |  4.6
Shields        | 4 |  4.5
Armour         | 4 |  4.5
Dodging        | |  0.4
Stealth        | |  0.3

Action                   |  1- 3 |  4- 6 |  7- 9 || total
-------------------------+-------+-------+-------++-------
Melee: War axe           |   148 |   193 |    36 ||   377
Invok: Convert to Beogh  |       |     1 |       ||     1
  Use: Scroll            |       |    11 |     1 ||    12
       Potion            |       |       |     3 ||     3
  Eat: Chunk             |     2 |    11 |       ||    13
       Ration            |       |       |     1 ||     1
Armor: Scale mail        |    61 |       |       ||    61
       Chain mail        |     4 |   118 |    26 ||   148
Dodge: Dodged            |    43 |    41 |     7 ||    91
Block: Shield            |    86 |    94 |    26 ||   206
